 Dungeon Crawl Stone Soup version 0.28.0 (console) character file.

Game seed: 5679130203981688291

856797 ryathie the Conqueror (level 27, -5/164 (179) HPs)
             Began as a Gargoyle Fighter on Feb 17, 2022.
             Was the Champion of the Shining One.
             Collided with an Ice Fiend (29 damage)
             ... caused by an elemental wellspring
             ... on level 7 of Cocytus.
             The game lasted 04:00:16 (44390 turns).

ryathie the Conqueror (Gargoyle Fighter)           Turns: 44390, Time: 04:00:17

HP:   -5/164 (179)  AC: 47    Str: 14 (22) XL:     27
MP:   25/33         EV: 17    Int:  7 (12) God:    the Shining One [******]
Gold: 5516          SH: 25    Dex: 19 (20) Spells: 44/46 levels left

rFire   + . .      SeeInvis +   a - +9 broad axe (holy)
rCold   + + +      Faith    .   c - +1 tower shield {rF+}
rNeg    + + +      Spirit   .   z - +0 ice dragon scales
rPois   ∞          Reflect  .   B - +0 mask of the Dragon {Will+ Slay+3 SInv}
rElec   +          Harm     .   Y - +2 cloak
rCorr   .          Rampage  .   v - +2 pair of gloves {Dex+3}
Will    +++..                   f - +2 pair of boots
Stlth   ..........              G - amulet of regeneration
HPRegen 1.17/turn               l - ring of Vuifej {Drain rC+ Int+3 SInv}
MPRegen 0.23/turn               t - ring of protection from fire

@: flying, glowing, drained, frozen potions
A: sickness immunity, AC +20, big wings, negative energy resistance 1,
electricity resistance, torment resistance 1, petrification resistance, clumsy
1, deformed body, deterioration 1, dopey 2, frail 1, low MP 1, mutation
resistance 1, screaming 1, strong 1, wild magic 1
}: 11/15 runes: serpentine, barnacled, slimy, silver, obsidian, bone, demonic,
glowing, magical, fiery, dark
a: Renounce Religion, Divine Shield, Cleansing Flame, Summon Divine Warrior


You were on level 7 of Cocytus.
You worshipped the Shining One.
The Shining One was exalted by your worship.
You visited 14 branches of the dungeon, and saw 71 of its levels.
You visited Pandemonium 3 times, and saw 20 of its levels.
You visited the Abyss 1 time.
You also visited: Bailey, Gauntlet, Ice Cave and Volcano.

You collected 8339 gold pieces.
You spent 2823 gold pieces at shops.

Inventory:

Hand Weapons
 a - a +9 broad axe of holy wrath (weapon)
 s - a +0 broad axe of flaming
Missiles
 g - 5 curare-tipped darts
 K - 4 throwing nets (quivered)
Armour
 c - a +1 tower shield of fire resistance (worn)
 f - a +2 pair of boots (worn)
 v - a +2 pair of gloves of dexterity (worn)
 z - +0 ice dragon scales (worn)
 B - the +0 mask of the Dragon (worn) {Will+ Slay+3 SInv}
   (You bought it in a shop on level 2 of the Orcish Mines)

   Slay:      It affects your accuracy & damage with ranged weapons and melee
   (+3).
   SInv:      It lets you see invisible.
   Will:      It increases your willpower.
 J - +6 pearl dragon scales
 Y - a +2 cloak (worn)
Jewellery
 l - the ring of Vuifej (left hand) {Drain rC+ Int+3 SInv}
   (You bought it in a shop on level 4 of the Snake Pit)

   [ring of see invisible]

   Int:       It affects your intelligence (+3).
   rC:        It protects you from cold.
   SInv:      It lets you see invisible.
   Drain:     It drains your maximum health when unequipped.
 m - the ring "Hiyrud" {rElec rCorr Dex+3}
   (You found it on level 5 of the Vaults)

   [ring of resist corrosion]

   Dex:       It affects your dexterity (+3).
   rElec:     It insulates you from electricity.
   rCorr:     It protects you from acid and corrosion.
 t - a ring of protection from fire (right hand)
 G - an amulet of regeneration (around neck)
Wands
 y - a wand of charming (9)
 E - a wand of digging (8)
 O - a wand of acid (8)
 Q - a wand of iceblast (10)
 T - a wand of paralysis (10)
Scrolls
 b - 10 scrolls of fear
 p - 8 scrolls of teleportation
 u - 19 scrolls of identify
 x - 2 scrolls of fog
 D - 2 scrolls of enchant weapon
 I - 2 scrolls of holy word
 M - 4 scrolls of summoning
 P - 6 scrolls of vulnerability
 R - 6 scrolls of amnesia
 U - 3 scrolls of silence
 V - 6 scrolls of magic mapping
 X - 3 scrolls of brand weapon
Potions
 d - 3 potions of might
 e - 5 potions of resistance
 h - 17 potions of curing
 i - a potion of mutation
 j - 4 potions of ambrosia
 n - 4 potions of berserk rage
 q - 2 potions of heal wounds
 r - 6 potions of cancellation
 A - 2 potions of attraction
 C - 7 potions of brilliance
 H - a potion of haste
 N - 6 potions of lignification
 S - 2 potions of magic
Miscellaneous
 o - a tin of tremorstones (2/2)
 w - a lightning rod (4/4)
 F - a phantom mirror (inert)
 L - a phial of floods
 W - a box of beasts


   Skills:
 O Level 27 Fighting
 - Level 18.0 Axes
 - Level 2.0 Throwing
 + Level 23.5 Armour
 - Level 15.0 Dodging
 + Level 23.5 Shields
 - Level 10.0 Spellcasting
 - Level 10.0 Translocations
 + Level 20.0 Invocations
 - Level 4.0 Evocations


You had 44 spell levels left.
You knew the following spells:

 Your Spells              Type           Power      Damage    Failure   Level
B - Blink                 Tloc           44%        N/A       2%          2

Your spell library contained the following spells:

 Spells                   Type           Power      Damage    Failure   Level
 Apportation              Tloc           44%        N/A       1%          1
 Gell's Gravitas          Tloc           22%        N/A       4%          3
 Lesser Beckoning         Tloc           22%        N/A       4%          3
 Portal Projectile        Hex/Tloc       26%        N/A       30%         3
 Manifold Assault         Tloc           22%        N/A       34%         5
 Animate Skeleton         Necr           8%         N/A       58%         1
 Freeze                   Ice            16%        1d4       58%         1
 Magic Dart               Conj           16%        1d3       58%         1
 Pain                     Necr           16%        1d4       58%         1
 Shock                    Conj/Air       16%        1d4       58%         1
 Summon Small Mammal      Summ           16%        N/A       58%         1
 Iskenderun's Mystic Bla  Conj/Tloc      13%        2d5       67%         4
 Ensorcelled Hibernation  Hex/Ice        8%         N/A       73%         2
 Passwall                 Tmut/Erth      3%         N/A       73%         2
 Searing Ray              Conj           8%         2d4       73%         2
 Static Discharge         Conj/Air       4%         N/A       73%         2
 Wereblood                Tmut           4%         N/A       73%         2
 Call Canine Familiar     Summ           4%         N/A       90%         3
 Dazzling Flash           Conj/Hex       8%         N/A       90%         3
 Frozen Ramparts          Ice            8%         1d2       90%         3
 Ignite Poison            Fire/Tmut/Pois 4%         N/A       90%         3
 Inner Flame              Hex/Fire       4%         N/A       90%         3
 Mephitic Cloud           Conj/Pois/Air  4%         N/A       90%         3
 Summon Guardian Golem    Hex/Summ       4%         N/A       90%         3
 Swiftness                Air            4%         N/A       90%         3
 Tukima's Dance           Hex            4%         N/A       90%         3
 Vampiric Draining        Necr           4%         2d6       90%         3
 Summon Forest            Summ/Tloc      6%         N/A       94%         5
 Airstrike                Air            2%         N/A       100%        4
 Anguish                  Hex/Necr       2%         N/A       100%        4
 Animate Dead             Necr           2%         N/A       100%        4
 Fulminant Prism          Conj/Hex       2%         3d6       100%        4
 Hailstorm                Conj/Ice       4%         3d4       100%        4
 Ice Form                 Ice/Tmut       4%         N/A       100%        4
 Olgreb's Toxic Radiance  Pois           4%         N/A       100%        4
 Sticky Flame             Conj/Fire      4%         2d3       100%        4
 Summon Ice Beast         Ice/Summ       4%         N/A       100%        4
 Summon Lightning Spire   Summ/Air       4%         N/A       100%        4
 Agony                    Necr           4%         N/A       100%        5
 Alistair's Intoxication  Tmut/Pois      2%         N/A       100%        5
 Blade Hands              Tmut           2%         N/A       100%        5
 Borgnjor's Vile Clutch   Necr/Erth      2%         N/A       100%        5
 Fireball                 Conj/Fire      2%         3d4       100%        5
 Freezing Cloud           Conj/Ice/Air   2%         6-21      100%        5
 Irradiate                Conj/Tmut      2%         3d14      100%        5
 Iskenderun's Battlesphe  Conj           4%         2d6       100%        5
 Lightning Bolt           Conj/Air       2%         1d13      100%        5
 Silence                  Hex/Air        2%         N/A       100%        5
 Conjure Ball Lightning   Conj/Air       2%         3x3d6     100%        6
 Death Channel            Necr           2%         N/A       100%        6
 Eringya's Noxious Bog    Tmut/Pois      2%         N/A       100%        6
 Iron Shot                Conj/Erth      2%         9d2       100%        6
 Dragon Form              Tmut           2%         N/A       100%        7
 Enfeeble                 Hex            2%         N/A       100%        7
 Orb of Destruction       Conj           2%         9d5       100%        7
 Ozocubu's Refrigeration  Ice            2%         4d5       100%        7
 Spellforged Servitor     Conj/Summ      2%         N/A       100%        7
 Storm Form               Tmut/Air       2%         N/A       100%        7
 Summon Hydra             Summ           2%         N/A       100%        7
 Borgnjor's Revivificati  Necr           2%         N/A       100%        8
 Ignition                 Fire           2%         3d3       100%        8
 Maxwell's Capacitive Co  Air            2%         ∞         100%        8
 Necromutation            Tmut/Necr      2%         N/A       100%        8
 Death's Door             Necr           2%         N/A       100%        9
 Polar Vortex             Ice            2%         N/A       100%        9
 Shatter                  Erth           2%         3d6*      100%        9
 Sublimation of Blood     Necr           Unusable   N/A       N/A         2

Dungeon Overview and Level Annotations

Branches:
Dungeon (15/15)            Temple (1/1) D:6            Lair (6/6) D:8
 Shoals (4/4) Lair:3        Snake (4/4) Lair:2        Slime (5/5) Lair:5
    Orc (2/2) D:12         Vaults (5/5) D:14          Crypt (3/3) Vaults:2
 Depths (4/4) D:15           Hell (visited)             Dis (0/7) Hell
    Geh (7/7) Hell            Coc (7/7) Hell            Tar (7/7) Hell
 Bailey (visited)           IceCv (visited)         Volcano (visited)
Gauntlet (visited)
    Elf: Orc:2         Tomb: Crypt:3        Zot: Depths:4

Altars:
Ashenzari
Cheibriados
Dithmenos
Elyvilon
Fedhas
Gozag
Hepliaklqana
Kikubaaqudgha
Makhleb
Nemelex Xobeh
Okawaru
Qazlal
Ru
Sif Muna
Trog
Uskayaw
Vehumet
Wu Jian
Xom
Yredelemnul
Zin
The Shining One
Beogh
Jiyva

Shops:
D:6 (   Orc:1 *   Orc:2 (:*[   Snake:1 :   Snake:3 =   Snake:4 ?=
Vaults:3 [(*[   Depths:1 :[   Depths:4 [

Portals:
Hell: Depths:1 Depths:4
Pandemonium: Depths:4

Annotations:
D:14 2 transporters, Toamp's ghost, journeyman MiBe


Innate Abilities, Weirdness & Mutations

You are immune to sickness and miasma.
Your stone body is resilient. (AC +20)
You are immune to poison.
Your large and strong wings let you fly.
You resist negative energy. (rN+)
You are resistant to electric shocks. (rElec)
You are resistant to unholy torment.
You are immune to petrification.
You are clumsy. (Dex -2)
Armour fits poorly on your strangely shaped body.
Your body sometimes deteriorates upon taking damage.
You are very dopey. (Int -4)
You are frail. (-10% HP)
Your magical capacity is low. (-10% MP)
You are somewhat resistant to further mutation.
You occasionally shout uncontrollably at your foes.
Your muscles are strong. (Str +2)
Your spells are a little harder to cast, but a little more powerful.


Message History

The bolt of cold hits the wendigo.
The wendigo completely resists.
The bolt of cold hits the juggernaut simulacrum.
The juggernaut simulacrum completely resists.
The bolt of cold hits you! You resist. The Ice Fiend gestures at you.
The bolt of cold hits the Ice Fiend.
The Ice Fiend completely resists.
The bolt of cold hits the wendigo.
The wendigo completely resists.
The bolt of cold hits the juggernaut simulacrum.
The juggernaut simulacrum completely resists.
The bolt of cold hits you! You resist.
You feel your strength returning.
Your Invocations skill increases to level 20!
An elemental wellspring comes into view.
You hit the Ice Fiend.
The Ice Fiend convulses.
The Ice Fiend is heavily wounded.
You hit the juggernaut simulacrum.
The juggernaut simulacrum convulses.
You hit the juggernaut simulacrum.
The juggernaut simulacrum convulses.
The juggernaut simulacrum completely misses you.
The juggernaut simulacrum barely misses you.
Your daeva calls down the wrath of the Shining One upon the Ice Fiend.
The Ice Fiend is smitten.
An Ice Fiend comes into view.
The Ice Fiend claws you but does no damage.
You block the Ice Fiend's attack.
Water spirits pour forth from the elemental wellspring!
The Ice Fiend calls on the powers of darkness!
Your body is wracked with pain!
* * * LOW HITPOINT WARNING * * *
Your daeva convulses!
You hit the juggernaut simulacrum but do no damage.
The juggernaut simulacrum is lightly damaged.
You hit the juggernaut simulacrum.
The juggernaut simulacrum convulses.
You completely miss the Ice Fiend.
A torrent of water rises up through the elemental wellspring!
The torrent of water hits you!!
* * * LOW HITPOINT WARNING * * *
You are knocked back by the torrent of water.
You collide with the Ice Fiend!
The Ice Fiend is almost dead.
You die...

≈≈≈≈≈≈≈≈≈≈≈≈≈≈≈≈≈≈≈≈≈≈≈≈≈≈^,≈≈≈≈≈
≈,,≈≈≈≈≈≈≈≈≈≈≈≈≈≈≈≈≈≈≈≈≈,,≈≈≈≈≈≈≈
≈,,,,≈≈≈≈≈≈≈≈≈≈≈≈≈≈≈≈≈≈≈≈,≈≈≈≈≈≈≈
≈≈,,,≈≈≈≈≈≈≈,,,,,,,,,≈≈≈≈≈≈≈≈≈≈≈≈
≈≈≈≈≈≈≈≈≈≈,,,,,,,,,,^,≈≈≈≈≈≈≈≈≈≈≈
≈≈≈≈≈≈≈≈≈≈,,,###+###,,,≈≈≈≈≈≈≈≈≈≈
≈≈≈≈≈≈≈≈≈,,,##.....##...≈≈≈≈≈≈≈≈≈
≈≈≈≈≈≈≈≈≈,,,#..°≈°A.#≈E≈≈≈≈≈≈≈≈≈≈
≈≈≈≈≈≈≈≈≈,,,+..≈@≈..'.≈≈≈≈≈≈≈≈≈≈≈
≈≈≈≈≈≈≈≈≈,,,#..1ZZ..#11.≈≈≈≈≈≈≈≈≈
≈≈≈≈≈≈≈≈≈...##..R..##...≈≈≈≈≈≈≈≈≈
≈≈≈≈≈≈≈≈≈≈...###1###...≈≈≈≈≈≈≈≈≈≈
≈≈≈≈≈≈≈≈≈≈..≈Z≈EZ1§.Z.≈Z≈≈≈≈≈≈≈≈≈
≈≈≈≈≈≈≈≈≈≈≈≈E≈≈EE≈≈.≈≈≈≈≈≈≈≈≈≈≈≈≈
≈≈≈≈≈≈≈≈≈≈≈EE≈≈EEE≈≈≈≈≈≈≈≈≈≈≈≈≈≈≈
,,≈≈≈≈≈≈≈≈≈≈E≈EEEE≈E≈≈≈≈≈≈≈≈.≈≈≈≈
,,,≈≈≈≈≈≈≈≈≈≈≈≈E≈≈≈≈≈≈≈≈≈≈≈R.,,,≈


You could see 5 Ice Fiends, a wendigo, 6 elemental wellsprings, 5 water
elementals, an ettin simulacrum, 2 juggernaut simulacra and a friendly daeva
(summoned).

Vanquished Creatures
  Cerebov (Pan)
  the Royal Jelly (Slime:5)
  Gloorx Vloq (Pan)
  Mnoleg (Pan)
  A dread lich (Vaults:5)
  An ancient lich (Coc:6)
  5 shard shrikes
  Frederick (Vaults:2)
  Geryon (Hell)
  Jory (Vaults:3)
  3 golden dragons
  8 profane servitors
  22 bone dragons
  A pearl dragon (Pan)
  18 Tzitzimimeh
  12 doom hounds
  7 Brimstone Fiends
  5 tentacled monstrosities
  11 hellephants
  3 Hell Sentinels (Pan)
  A pandemonium lord (Pan)
  3 Ice Fiends
  A walking earthen tome (Depths:2)
  12 titans
  12 tainted leviathans
  Asterion (Snake:3)
  3 quicksilver dragons (Vaults:5)
  Murray (Hell)
  19 acid blobs
  17 searing wretches
  A walking frostbound tome (Depths:3)
  2 liches
  4 sphinxes
  8 tentacled starspawn
  Gastronok (D:10)
  15 Executioners (Pan)
  A sphinx (shapeshifter) (Vaults:5)
  7 tengu reavers
  7 shadow dragons
  4 revenants
  6 rockslimes
  3 azure jellies
  11 nagarajas (Snake:4)
  A draconian monk (Depths:4)
  8 narguns
  4 storm dragons
  A fenstrider witch (Depths:2)
  25 vault wardens
  11 fire giants
  7 frost giants
  Aizul (Shoals:2)
  2 spectral juggernauts
  5 orc warlords
  7 ghouls (Crypt:1)
  6 daevas (Pan)
  12 shard shrike simulacra
  26 balrugs
  2 spectral caustic shrikes (Tar:1)
  8 cacodemons (Pan)
  13 angels (Pan)
  A deep elf elementalist (Depths:2)
  4 draconian annihilators
  2 curse skulls (Pan)
  9 ironbound preservers
  10 reapers
  4 demonspawn blood saints (Pan)
  5 ophanim (Pan)
  2 quicksilver oozes (Slime:5)
  A war gargoyle (Vaults:4)
  32 very ugly things
  3 demonspawn corrupters (Pan)
  4 vampire knights
  15 elemental wellsprings
  2 juggernaut skeletons
  8 stone giants
  10 ironbound thunderhulks
  A caustic shrike skeleton (Pan)
  A demonspawn black sun (Pan)
  3 green draconians (Depths:4)
  15 putrid mouths
  A deep elf demonologist (Vaults:5)
  19 apis (Pan)
  11 dire elephants
  A minotaur (Gauntlet)
  5 lorocyprocas
  2 spectral titans
  2 eleionomae (Depths:2)
  5 spark wasps
  5 deep elf annihilators
  5 wendigos
  4 black draconians (Depths:4)
  An entropy weaver (Vaults:4)
  2 purple draconians (Depths:4)
  2 red draconians (Depths:4)
  A white draconian (Depths:4)
  6 eidola
  Snorg (Lair:5)
  2 iron golems
  6 blizzard demons
  4 deep elf death magi
  16 ettins
  7 green deaths
  5 fire dragons
  4 crystal guardians
  9 merfolk impalers
  4 merfolk javelineers
  11 jiangshi
  7 spectral spriggans
  18 yaktaur captains
  19 salamander tyrants
  11 great orbs of eyes
  7 hydras
  A spriggan zombie (Abyss:1)
  21 naga warriors
  6 rakshasas
  40 vault guards
  2 boulder beetles
  10 caustic shrike simulacra
  4 juggernaut simulacra
  3 ice dragons (Depths:4)
  A spriggan air mage (Depths:4)
  3 catoblepae
  5 merfolk aquamancers (Shoals:4)
  16 centaur warriors
  3 peacekeepers (Vaults:4)
  2 ironbound frosthearts
  4 anacondas
  2 death knights (Crypt:1)
  4 ogre magi
  A spectral draconian (Tar:1)
  5 stokers
  12 death yaks (Lair:6)
  5 deep troll earth magi
  An alligator snapping turtle (Shoals:4)
  A two-headed ogre (D:9)
  4 tengu warriors
  2 orc high priests
  A titan zombie (Depths:1)
  3 deep troll shamans (Depths:1)
  3 vampire magi
  28 hell hogs
  6 holy swine (Pan)
  8 thrashing horrors
  11 naga sharpshooters
  4 shock serpents
  11 soul eaters
  25 sun demons
  A spectral dire elephant (Tar:3)
  13 hell knights (Depths:1)
  A spectral bunyip (Geh:1)
  2 spectral anacondas
  3 crystal echidnas (Hell)
  12 shadow wraiths
  A wretched star (Abyss:1)
  4 skeletal warriors (Crypt:1)
  A spatial maelstrom (Abyss:5)
  9 sixfirhies
  5 quicksilver dragon simulacra
  An iron troll (Depths:4)
  5 salamander mystics
  3 cherubim (Pan)
  A swamp dragon (shapeshifter) (D:11)
  19 deep trolls
  A spriggan druid (Depths:2)
  4 bog bodies
  A sea snake (shapeshifter) (Depths:4)
  4 orange crystal statues (Hell)
  10 shadow demons (Pan)
  A swamp dragon (Lair:6)
  2 naga ritualists (Snake:4)
  2 obsidian statues (IceCv)
  4 spriggan simulacra
  A spectral iron dragon (Tar:1)
  3 glowing orange brains
  A lindwurm (shapeshifter) (Vaults:5)
  A fenstrider witch simulacrum (Coc:1)
  13 ironbound convokers
  8 orc knights
  7 lindwurms
  2 flayed ghosts
  6 wizards
  2 mana vipers (Snake:3)
  9 harpies (Shoals:4)
  3 phantasmal warriors
  An anaconda skeleton (Pan)
  5 necromancers
  2 deep elf pyromancers
  32 ugly things
  A human zombie (Vaults:4)
  7 orc sorcerers
  3 shining eyes
  A stone giant zombie (Vaults:4)
  3 spectral ettins
  19 salamanders
  A salamander (shapeshifter) (Vaults:1)
  A spectral alligator snapping turtle (Tar:1)
  6 cyclopes
  8 merfolk sirens
  3 spectral centaurs
  A frost giant skeleton (Depths:1)
  10 manticores
  2 worldbinders (Abyss:5)
  3 titan simulacra
  A dire elephant zombie (Abyss:5)
  8 elephants
  An apocalypse crab (Abyss:3)
  8 eyes of devastation
  A stone giant skeleton (Vaults:4)
  A rust devil (Pan)
  A moth of wrath (shapeshifter) (Vaults:5)
  22 black mambas
  7 guardian serpents
  6 molten gargoyles
  15 orange demons
  9 naga magi
  34 smoke demons
  3 gargoyles
  7 water nymphs (Shoals:4)
  13 vault sentinels
  4 cane toads
  2 naga skeletons
  8 demonic crawlers (Pan)
  20 hellions
  7 rime drakes
  2 torpor snails
  6 efreet
  An unseen horror (D:11)
  7 freezing wraiths
  28 yaktaurs
  A yaktaur (shapeshifter) (D:11)
  30 tormentors
  8 komodo dragons
  A spectral deep troll (Tar:2)
  A yaktaur skeleton (Vaults:4)
  2 golden dragon simulacra
  16 hellwings
  9 red devils
  4 spectral nagas
  9 ice devils
  An anaconda simulacrum (Coc:7)
  2 spectral harpies (Tar:3)
  2 tengu conjurers
  2 entropy weaver simulacra (IceCv)
  3 silent spectres
  A meliai (D:11)
  11 merfolk
  3 polar bears
  8 trolls
  A hornet (D:9)
  A harpy skeleton (Pan)
  4 raiju (Abyss:5)
  12 wind drakes
  6 dream sheep
  A snapping turtle (shapeshifter) (Vaults:5)
  26 blink frogs
  A fire dragon zombie (Crypt:1)
  2 snapping turtles
  A dream sheep (shapeshifter) (Vaults:5)
  87 slime creatures
  25 flying skulls
  5 wyverns
  7 air elementals (Shoals:4)
  2 shadows
  35 yaks
  4 centaur simulacra
  A human simulacrum (Vaults:3)
  2 spectral black mambas
  9 dire elephant simulacra
  9 ynoxinuls
  7 starcursed masses
  30 large abominations
  6 small abominations
  16 water elementals
  2 wraiths
  Eustachio (D:6)
  6 basilisks
  5 vampire mosquitoes
  14 fire bats
  3 fire elementals (Gauntlet)
  16 golden eyes
  12 neqoxecs
  17 humans (D:14)
  A minotaur simulacrum (IceCv)
  A spatial vortex (Abyss:5)
  12 chaos spawn
  Menkaure (D:7)
  A steam dragon (Lair:6)
  A warg (Orc:2)
  13 harpy simulacra
  31 nagas
  A redback (Vaults:4)
  6 swamp worms
  2 acid dragons (D:10)
  16 water moccasins
  4 hydra simulacra
  A black bear (D:6)
  6 hell hounds
  A swamp drake (Lair:6)
  44 orc warriors
  2 ice beasts
  12 wolves
  5 ettin simulacra
  A sky beast (D:5)
  9 ogres
  A boggart (D:11)
  4 phantoms
  4 centaurs
  Blork the orc (D:7)
  2 kobold brigands
  11 bullfrogs
  An elf simulacrum (Vaults:4)
  4 scorpions
  A water moccasin zombie (D:6)
  2 wyvern skeletons (D:6)
  3 wights (D:7)
  12 centaur zombies
  A bullfrog zombie (D:6)
  A wyvern simulacrum (Gauntlet)
  2 jellies
  A hound (D:6)
  30 orc priests
  A centaur skeleton (D:6)
  5 iguanas
  Terence (D:3)
  Natasha (thrice) (D:3)
  29 orc wizards
  A killer bee zombie (D:6)
  A dwarf zombie (Crypt:1)
  A hound skeleton (D:4)
  3 howler monkey skeletons
  6 howler monkey zombies
  11 gnolls
  9 adders
  2 shadow imps
  4 white imps
  An adder skeleton (D:4)
  An adder zombie (D:5)
  A worm (D:3)
  A worm (shapeshifter) (Vaults:5)
  2 dart slugs
  92 orcs
  5 bats
  An endoplasm (shapeshifter) (Vaults:5)
  11 endoplasms
  3 giant cockroaches
  17 goblins
  8 hobgoblins
  4 jackals (D:1)
  2 quokkas
  4 ball pythons
  37 kobolds
  6 rats
  A rat zombie (Crypt:1)
  A bush (Lair:6)
  4 creeping infernos
  21 fire vortices
  2 lurking horrors (Abyss:1)
  18 starspawn tentacles
2535 creatures vanquished.

Vanquished Creatures (collateral kills)
  Asmodeus (Geh:7)
  Ereshkigal (Tar:7)
  Sojobo (Vaults:2)
  A pandemonium lord (Pan)
  2 shard shrikes
  A profane servitor (Tar:7)
  3 Tzitzimimeh (Tar:7)
  A hellephant (Geh:6)
  A lich (Vaults:5)
  A Brimstone Fiend (Geh:7)
  A tainted leviathan (Tar:7)
  A titan (Coc:3)
  2 acid blobs (Slime:5)
  2 tengu reavers (Vaults:2)
  2 rockslimes (Slime:5)
  4 daevas (Pan)
  A nargun (Coc:3)
  2 cacodemons (Pan)
  A balrug (Pan)
  3 angels (Pan)
  2 quicksilver oozes
  3 apis (Pan)
  A yaktaur captain (Vaults:5)
  A salamander tyrant (Geh:4)
  A vault guard (Vaults:5)
  4 stokers
  2 sixfirhies (Pan)
  3 shadow wraiths (Tar:7)
  A cherub (Pan)
  2 shining eyes
  3 slime creatures (Vaults:3)
  A black mamba (Lair:5)
  A freezing wraith (Coc:3)
  A tarantella (Lair:5)
  2 ynoxinuls (Pan)
  3 neqoxecs (Pan)
  3 large abominations (Pan)
  A floating eye (Pan)
  A naga skeleton (Pan)
  A creeping inferno (Geh:4)
  4 fire vortices
73 creatures vanquished.

Vanquished Creatures (others)
  A shard shrike (Coc:7)
  An eldritch tentacle (Pan)
  2 fire giants
  A wendigo (Coc:1)
  A spectral spriggan (Geh:1)
  A sun demon (Hell)
  A naga mage (Snake:4)
  A smoke demon (Pan)
  A bunyip simulacrum (Coc:1)
  A hellion (Geh:3)
  An anaconda simulacrum (Coc:3)
  2 hellwings (Pan)
  A shadow dragon simulacrum (Coc:1)
  A blink frog (Lair:5)
  A ynoxinul (Pan)
  A centaur simulacrum (Coc:1)
  A golden eye (Pan)
  2 harpy simulacra (Coc:3)
  12 ball lightnings (Pan)
  3 creeping infernos
  A demonic plant (Gauntlet)
  6 fire vortices
  30 fungi
  81 plants
  16 starspawn tentacles
170 creatures vanquished.

Grand Total: 2778 creatures vanquished

Notes
Turn   | Place    | Note
-------+----------+-------------------------------------------
     0 | D:1      | ryathie the Gargoyle Fighter began the quest for the Orb.
     0 | D:1      | Reached XP level 1. HP: 14/14 MP: 1/1
    57 | D:1      | Reached XP level 2. HP: 8/19 MP: 2/2
   206 | D:1      | HP: 1/20 [frozen (5)]
   599 | D:2      | Found a sacrificial altar of Ru.
   717 | D:3      | Reached XP level 3. HP: 19/24 MP: 3/3
   743 | D:3      | Noticed Natasha
   746 | D:3      | Killed Natasha
   747 | D:3      | Reached skill level 4 in Fighting
   756 | D:3      | Noticed Natasha
   769 | D:3      | Killed Natasha
   770 | D:3      | Reached skill level 1 in Throwing
   770 | D:3      | Reached XP level 4. HP: 29/29 MP: 4/4
   783 | D:3      | Noticed Natasha
   793 | D:3      | Killed Natasha
   849 | D:2      | Identified the +8 short sword of Sulphur {protect, Str+6
                  | Dex-4 SInv Stlth+}
   943 | D:3      | Reached XP level 5. HP: 31/34 MP: 5/5
   943 | D:3      | Noticed Terence
   960 | D:3      | Killed Terence
  1101 | D:5      | Entered Level 5 of the Dungeon
  1124 | D:5      | Reached skill level 5 in Fighting
  1161 | D:5      | Noticed a phantom
  1184 | D:5      | Killed a phantom
  1185 | D:5      | Reached XP level 6. HP: 37/40 MP: 6/6
  1303 | D:5      | Noticed a water moccasin
  1330 | D:5      | HP: 2/41 [water moccasin (7)]
  1333 | D:5      | Killed a water moccasin
  1334 | D:5      | Reached skill level 6 in Fighting
  1334 | D:5      | Reached XP level 7. HP: 9/46 MP: 7/7
  1680 | D:4      | Reached skill level 5 in Axes
  1755 | D:4      | Reached skill level 7 in Fighting
  1826 | D:4      | You fall into a shaft and drop 1 floor!
  2024 | D:4      | Reached XP level 8. HP: 50/53 MP: 8/8
  2324 | D:4      | You fall into a shaft and drop 3 floors!
  2584 | D:7      | Reached skill level 8 in Fighting
  2857 | D:6      | Noticed Eustachio
  2880 | D:6      | Killed Eustachio
  2886 | D:6      | Reached skill level 9 in Fighting
  2891 | D:6      | Reached XP level 9. HP: 27/60 MP: 9/9
  3225 | D:6      | Noticed Blork the orc
  3232 | D:7      | Killed Blork the orc
  3303 | D:7      | Found a stormy altar of Qazlal.
  3644 | D:6      | Reached skill level 10 in Fighting
  3644 | D:6      | Reached skill level 5 in Armour
  3733 | D:6      | Found a staircase to the Ecumenical Temple.
  3747 | Temple   | Entered the Ecumenical Temple
  4000 | D:6      | Found Fissism's Weapon Emporium.
  4056 | D:8      | Found a flagged portal.
  4085 | D:8      | Reached XP level 10. HP: 30/68 MP: 10/10
  4130 | Bailey   | Entered a bailey
  4248 | Bailey   | Noticed an orc warlord
  4389 | Bailey   | Found a runed translucent gate.
  4390 | Bailey   | Found a runed translucent gate.
  4406 | Bailey   | Found a runed translucent gate.
  4642 | Bailey   | Killed an orc warlord
  4763 | Bailey   | Reached XP level 11. HP: 70/72 MP: 11/11
  4963 | D:8      | Found a hide-covered altar of Uskayaw.
  5142 | D:7      | Noticed Menkaure
  5149 | D:7      | Killed Menkaure
  5327 | D:9      | Noticed a two-headed ogre
  5339 | D:9      | Killed a two-headed ogre
  5608 | D:10     | Entered Level 10 of the Dungeon
  5613 | D:10     | Reached skill level 1 in Dodging
  5695 | D:10     | Found a hazy altar of Hepliaklqana.
  5757 | D:10     | Noticed Gastronok
  5772 | D:10     | Killed Gastronok
  5773 | D:10     | Reached XP level 12. HP: 77/77 MP: 12/12
  5851 | D:10     | Reached skill level 5 in Shields
  5868 | D:10     | Found a basalt altar of Yredelemnul.
  6008 | D:11     | Noticed a five-headed hydra
  6044 | D:11     | Noticed a two-headed ogre
  6057 | D:10     | Killed a five-headed hydra
  6123 | D:11     | Reached skill level 1 in Evocations
  6566 | D:7      | Found an opulent altar of Gozag.
  6566 | D:7      | Found a shimmering blue altar of Sif Muna.
  6739 | D:6      | Found a glowing silver altar of Zin.
  8479 | Temple   | Became a worshipper of the Shining One
  8614 | D:8      | Found a staircase to the Lair.
  8631 | Lair:1   | Entered Level 1 of the Lair of Beasts
  8633 | Lair:1   | Identified a scroll of acquirement
  8649 | Lair:1   | Reached skill level 5 in Dodging
  8744 | Lair:3   | Reached XP level 13. HP: 76/82 MP: 13/13
  8866 | Lair:5   | Noticed Snorg
  8876 | Lair:5   | Killed Snorg
  8893 | Lair:5   | Noticed Nessos
  8897 | Lair:5   | Noticed Nessos
  8897 | Lair:5   | Nessos changed into Nessos the tarantella
  8900 | Lair:5   | Killed Nessos the tarantella
  8937 | Lair:4   | Reached skill level 15 in Axes
  8990 | Lair:5   | Reached skill level 11 in Fighting
  9079 | Lair:5   | Found a dark tunnel.
  9099 | Volcano  | Entered a volcano
  9147 | Volcano  | Found a burning altar of Makhleb.
  9147 | Volcano  | Reached * piety under the Shining One
  9254 | Volcano  | Noticed a fire dragon
  9266 | Volcano  | Killed a fire dragon
  9337 | Lair:6   | Entered Level 6 of the Lair of Beasts
  9354 | Lair:6   | Reached skill level 12 in Fighting
  9481 | Lair:6   | Gained mutation: Your large and strong wings let you fly.
                  | [Gargoyle growth]
  9481 | Lair:6   | Reached XP level 14. HP: 75/92 MP: 14/14
  9579 | Lair:6   | Reached skill level 13 in Fighting
  9729 | Lair:6   | Reached skill level 14 in Fighting
  9939 | Lair:6   | Reached ** piety under the Shining One
  9972 | Lair:6   | Reached skill level 15 in Fighting
 10264 | Lair:6   | Reached skill level 16 in Fighting
 11099 | D:12     | Reached skill level 10 in Armour
 11107 | D:12     | Found a staircase to the Orcish Mines.
 11127 | Orc:1    | Entered Level 1 of the Orcish Mines
 11136 | Orc:1    | Reached XP level 15. HP: 86/104 MP: 15/15
 11143 | Orc:1    | Reached *** piety under the Shining One
 11215 | Orc:2    | Entered Level 2 of the Orcish Mines
 11277 | Orc:2    | Found a gate leading to a gauntlet.
 11290 | Gauntlet | Entered a Gauntlet
 11290 | Gauntlet | Found a transporter.
 11290 | Gauntlet | Found a transporter.
 11292 | Gauntlet | Found a transporter.
 11292 | Gauntlet | Found a transporter.
 11312 | Gauntlet | Found a transporter.
 11320 | Gauntlet | Found a transporter.
 11324 | Gauntlet | Found a transporter.
 11332 | Gauntlet | Reached **** piety under the Shining One
 11335 | Gauntlet | Found a transporter.
 11351 | Gauntlet | Found a transporter.
 11365 | Gauntlet | Found a transporter.
 11369 | Gauntlet | Found a transporter.
 11382 | Gauntlet | Found a transporter.
 11557 | Gauntlet | Identified the +2 helmet of the Equator {rElec Str-5 Dex+3
                  | Slay+2}
 11573 | Gauntlet | Identified the +8 war axe of Cexeal {freeze, rPois rF- rN+
                  | Dex+3}
 11573 | Gauntlet | Identified the +7 chain mail of the Engineer {rN+}
 11573 | Gauntlet | Identified the +2 kite shield of Emaung {rElec rC- Regen+
                  | Slay+2}
 11613 | Gauntlet | Identified the +1 plate armour "Ysmuh" {*Slow rC+++ Dex-2
                  | Stlth+}
 11634 | Gauntlet | Got the Guide on the Compass
 11636 | Gauntlet | Identified the +0 pair of gloves of Hysteria {-Tele *Slow
                  | rElec rPois}
 11832 | Orc:1    | Noticed an orc warlord
 12284 | Orc:1    | Killed an orc warlord
 12334 | Orc:1    | Reached ***** piety under the Shining One
 12357 | Orc:1    | Found Qiox's General Store.
 12388 | Orc:1    | Bought a potion of heal wounds for 85 gold pieces
 12388 | Orc:1    | Bought a scroll of teleportation for 51 gold pieces
 12833 | Orc:2    | Noticed an orc warlord
 12872 | Orc:2    | Killed an orc warlord
 12906 | Orc:2    | Found Jomow's Book Shoppe.
 12932 | Orc:2    | Found Omaenaug's Antique Weapon Shoppe.
 12949 | Orc:2    | Found Itidam's General Store.
 12956 | Orc:2    | Bought 2 potions of curing for 108 gold pieces
 12956 | Orc:2    | Bought a scroll of identify for 36 gold pieces
 12965 | Orc:2    | Found Nogiuwits's Antique Armour Shoppe.
 12972 | Orc:2    | Bought a pair of embroidered gloves for 292 gold pieces
 12972 | Orc:2    | Bought the +0 mask of the Dragon {Will+ Slay+3 SInv} for
                  | 1302 gold pieces
 12972 | Orc:2    | Found the +0 mask of the Dragon {Will+ Slay+3 SInv}
 13384 | Lair:2   | Reached skill level 1 in Invocations
 13410 | Lair:2   | Found a staircase to the Snake Pit.
 13454 | Snake:1  | Entered Level 1 of the Snake Pit
 13522 | Snake:1  | Found Ling's Self-Improvement Boutique.
 13775 | Snake:3  | Found Tiocakh's Jewellery Emporium.
 13861 | Snake:3  | Reached XP level 16. HP: 76/110 MP: 18/18
 13940 | Snake:3  | Reached skill level 10 in Shields
 14014 | Snake:3  | Noticed Asterion
 14050 | Snake:3  | Killed Asterion
 14396 | Snake:4  | Entered Level 4 of the Snake Pit
 14396 | Snake:4  | Found Kabosk's Jewellery Shop.
 14404 | Snake:4  | Acquired 968 gold pieces
 14406 | Snake:4  | Bought the ring of Vuifej {Drain rC+ Int+3 SInv} for 356
                  | gold pieces
 14406 | Snake:4  | Bought an amulet of regeneration for 360 gold pieces
 14489 | Snake:4  | Noticed a nagaraja
 14562 | Snake:3  | Reached skill level 5 in Invocations
 14700 | Snake:4  | Killed a nagaraja
 14776 | Snake:4  | Found Apiliu's Magic Scroll Emporium.
 14782 | Snake:4  | Bought a scroll of teleportation for 33 gold pieces
 14782 | Snake:4  | Bought a scroll of fear for 38 gold pieces
 14834 | Snake:4  | Reached ****** piety under the Shining One
 14835 | Snake:4  | Noticed a nagaraja
 14905 | Snake:4  | Killed a nagaraja
 15011 | Snake:4  | Noticed a nagaraja
 15017 | Snake:4  | Noticed a nagaraja
 15031 | Snake:4  | Killed a nagaraja
 15035 | Snake:4  | Killed a nagaraja
 15085 | Snake:4  | Noticed a nagaraja
 15099 | Snake:4  | Killed a nagaraja
 15113 | Snake:4  | Noticed a nagaraja
 15164 | Snake:4  | Killed a nagaraja
 15354 | Snake:4  | Noticed a nagaraja
 15380 | Snake:4  | Killed a nagaraja
 15407 | Snake:4  | Noticed a nagaraja
 15425 | Snake:4  | Killed a nagaraja
 15426 | Snake:4  | Reached XP level 17. HP: 94/115 MP: 20/22
 16052 | Snake:4  | Got a serpentine rune of Zot
 16731 | Lair:3   | Found a staircase to the Shoals.
 16749 | Shoals:1 | Entered Level 1 of the Shoals
 16863 | Shoals:2 | Noticed Aizul
 16892 | Shoals:2 | Killed Aizul
 16958 | Shoals:4 | Entered Level 4 of the Shoals
 17009 | Shoals:4 | Paralysed by an air elemental for 1 turns
 17017 | Shoals:4 | Paralysed by an air elemental for 1 turns
 17071 | Shoals:4 | Paralysed by an air elemental for 1 turns
 17175 | Shoals:4 | Paralysed by an air elemental for 1 turns
 17518 | Shoals:4 | Paralysed by an air elemental for 1 turns
 17543 | Shoals:4 | Reached XP level 18. HP: 116/120 MP: 24/24
 17568 | Shoals:4 | Reached skill level 10 in Dodging
 17717 | Shoals:4 | Noticed a titan
 17751 | Shoals:4 | Killed a titan
 17776 | Shoals:4 | Identified the ring of Hepliaklqana's Envy {Ice MP-9 Str+3
                  | Int+6}
 17786 | Shoals:4 | Got Sif Muna's Compendium of the Frostbite
 17789 | Shoals:4 | Got a barnacled rune of Zot
 18393 | D:14     | Found a frozen archway.
 18419 | IceCv    | Entered an ice cave
 18527 | IceCv    | Identified a +7 broad axe of holy wrath (a +5 broad axe
                  | blessed by the Shining One)
 18527 | IceCv    | Received a gift from the Shining One
 18673 | IceCv    | Noticed an Ice Fiend
 18684 | IceCv    | Killed an Ice Fiend
 18935 | D:14     | Found a transporter.
 19206 | D:14     | Found a transporter.
 19238 | D:14     | Noticed Toamp's ghost (journeyman MiBe)
 19313 | D:14     | Found a gate to the Vaults.
 19327 | D:14     | Reached skill level 10 in Invocations
 19368 | Vaults:1 | Entered Level 1 of the Vaults
 19686 | Vaults:1 | Reached skill level 15 in Armour
 19724 | Vaults:1 | Reached XP level 19. HP: 122/125 MP: 26/26
 19939 | Vaults:1 | Reached skill level 15 in Shields
 20113 | Vaults:1 | Got the Tome of Unstable Earth
 20425 | Vaults:2 | Noticed Sojobo
 20436 | Vaults:2 | Killed Sojobo
 20448 | Vaults:3 | Found Tueps's Antique Armour Shoppe.
 20456 | Vaults:3 | Acquired 615 gold pieces
 20496 | Vaults:3 | Found Yfassuth's Weapon Emporium.
 21107 | Vaults:4 | Noticed a golden dragon
 21122 | Vaults:4 | Killed a golden dragon
 21155 | Vaults:4 | Reached skill level 17 in Fighting
 21428 | Vaults:4 | Reached XP level 20. HP: 98/134 MP: 27/27
 21893 | Vaults:3 | Found Ewam's General Store.
 21908 | Vaults:3 | Bought a scroll of teleportation for 36 gold pieces
 21908 | Vaults:3 | Bought a scroll of blinking for 90 gold pieces
 21908 | Vaults:3 | Bought a potion of curing for 36 gold pieces
 22087 | Vaults:3 | Noticed Jory
 22094 | Vaults:3 | Killed Jory
 22153 | Vaults:3 | Found Loecui's Armour Shop.
 22415 | Vaults:4 | Reached skill level 18 in Fighting
 22854 | Vaults:4 | You are sucked into a shaft and drop 1 floor!
 22854 | Vaults:5 | Entered Level 5 of the Vaults
 22860 | Vaults:5 | Identified the +12 war axe "Uppoweas" {freeze, rPois Will+}
 23020 | Vaults:5 | Identified the +6 long sword "Duze" {freeze, rPois rF+
                  | Will+}
 23066 | Vaults:5 | Got the Handbook of the Glacial Oath
 23069 | Vaults:5 | Got Sif Muna's Almanac of Transformation and Dark Arts
 23074 | Vaults:5 | Identified the amulet of Egalitarianism {Reflect Int-4
                  | Dex+4 SH+5}
 23161 | Vaults:5 | Noticed a golden dragon
 23190 | Vaults:5 | Killed a golden dragon
 23251 | Vaults:5 | Noticed a dread lich
 23279 | Vaults:5 | Killed a dread lich
 23280 | Vaults:5 | Reached XP level 21. HP: 142/142 MP: 28/28
 23468 | Vaults:5 | Reached skill level 19 in Fighting
 23804 | Vaults:5 | Identified the +0 hunting sling of Sohawu {speed, Int+3
                  | Stlth+}
 23862 | Vaults:5 | Identified the +10 scythe of Winulit {vorpal, rF+ Will+
                  | Stlth+}
 23868 | Vaults:5 | Reached skill level 20 in Fighting
 24201 | Vaults:5 | Got a silver rune of Zot
 24267 | Vaults:5 | Paralysed by a sphinx for 5 turns
 24549 | Vaults:5 | Found the +0 staff of Battle
 24555 | Vaults:5 | Identified the ring "Hiyrud" {rElec rCorr Dex+3}
 25030 | Lair:5   | Found a staircase to the Slime Pits.
 25039 | Slime:1  | Entered Level 1 of the Pits of Slime
 25154 | Slime:2  | Gained mutation: You are dopey. (Int -2) [a shining eye]
 25342 | Slime:1  | Reached XP level 22. HP: 44/153 MP: 29/29
 25664 | Slime:4  | Reached skill level 21 in Fighting
 25677 | Slime:4  | Gained mutation: You are weak. (Str -2) [a shining eye]
 25697 | Slime:5  | Entered Level 5 of the Pits of Slime
 26010 | Slime:5  | Found a viscous altar of Jiyva.
 26011 | Slime:5  | Noticed the Royal Jelly
 26138 | Slime:4  | Gained mutation: You tend to lose your temper in combat. [a
                  | shining eye]
 26140 | Slime:4  | Lost mutation: You tend to lose your temper in combat.
                  | [potion of mutation]
 26140 | Slime:4  | Lost mutation: You are weak. (Str -2) [potion of mutation]
 26140 | Slime:4  | Lost mutation: You are dopey. (Int -2) [potion of mutation]
 26140 | Slime:4  | Gained mutation: You passively map a small area around you.
                  | [potion of mutation]
 26140 | Slime:4  | Gained mutation: Your body sometimes deteriorates upon
                  | taking damage. [potion of mutation]
 26140 | Slime:4  | Gained mutation: You are robust. (+10% HP) [potion of
                  | mutation]
 26321 | Slime:5  | Found the +5 demon whip "Spellbinder" {antimagic, Will+}
 26508 | Slime:5  | Killed the Royal Jelly
 26562 | Slime:5  | Identified the amulet of New Discoveries {Faith -Tele Int+3
                  | Dex+4}
 26589 | Slime:5  | Identified the +7 short sword "Ojewevvy" {vorpal, +Blink}
 26604 | Slime:5  | Got a slimy rune of Zot
 26608 | Slime:5  | Learned a level 2 spell: Blink
 26739 | Slime:3  | Gained mutation: You are weak. (Str -2) [a shining eye]
 27052 | D:15     | Entered Level 15 of the Dungeon
 27103 | D:15     | Found a blossoming altar of Fedhas.
 27214 | D:15     | Found the +8 arc blade {discharge, rElec}
 27315 | D:15     | Found a staircase to the Depths.
 27322 | D:15     | Reached skill level 1 in Spellcasting
 27322 | D:15     | Reached skill level 1 in Translocations
 27336 | Depths:1 | Entered Level 1 of the Depths
 27651 | Depths:1 | Found Guomot's Antique Armour Shoppe.
 27651 | Depths:1 | Found Foygy's Book Emporium.
 27867 | Depths:1 | Found a gateway to Hell.
 27882 | Depths:1 | Reached XP level 23. HP: 165/177 MP: 30/30
 27894 | Hell     | Entered the Vestibule of Hell
 27894 | Hell     | Noticed Geryon
 27908 | Hell     | Killed Geryon
 28022 | Hell     | Found a gateway to the Iron City of Dis.
 28158 | Hell     | Noticed Murray
 28280 | Hell     | Killed Murray
 28463 | Hell     | Found a gateway to the ashen valley of Gehenna.
 28560 | Hell     | Found a gateway to the decaying netherworld of Tartarus.
 28609 | Hell     | Found a gateway to the freezing wastes of Cocytus.
 28759 | Depths:1 | Reached skill level 22 in Fighting
 29107 | Depths:2 | Reached skill level 5 in Spellcasting
 29109 | Depths:2 | Reached skill level 5 in Translocations
 29272 | Depths:4 | Entered Level 4 of the Depths
 29373 | Depths:4 | Found Qij Ep Voygh's Armour Shop.
 29422 | Depths:4 | Noticed a golden dragon
 29434 | Depths:4 | Killed a golden dragon
 29652 | Depths:4 | Found a one-way gate leading to the halls of Pandemonium.
 29688 | Pan      | Entered Pandemonium
 29753 | Pan      | Found an exit through the horrors of the Abyss.
 30346 | Pan      | Noticed Qagiujel the pandemonium lord
 30442 | Pan      | Killed Qagiujel the pandemonium lord
 30485 | Pan      | Identified the +2 plate armour of Immorality {+Blink rElec
                  | MP+9 Dex-3}
 30528 | Pan      | Got a demonic rune of Zot
 30613 | Pan      | Reached XP level 24. HP: 184/185 MP: 32/32
 30708 | Depths:4 | Escaped Pandemonium
 30710 | Pan      | Entered Pandemonium
 30712 | Pan      | Gained mutation: You are occasionally teleported next to
                  | monsters. [a neqoxec]
 30721 | Pan      | Gained mutation: You are dopey. (Int -2) [a neqoxec]
 30747 | Pan      | Lost mutation: Your body sometimes deteriorates upon taking
                  | damage. [potion of mutation]
 30747 | Pan      | Lost mutation: You are weak. (Str -2) [potion of mutation]
 30747 | Pan      | Gained mutation: Your magical capacity is low. (-10% MP)
                  | [potion of mutation]
 30747 | Pan      | Gained mutation: You have a somewhat thin skeletal
                  | structure. (Dex +2, Stealth+) [potion of mutation]
 30748 | Pan      | Lost mutation: Your magical capacity is low. (-10% MP)
                  | [potion of mutation]
 30748 | Pan      | Lost mutation: You passively map a small area around you.
                  | [potion of mutation]
 30748 | Pan      | Lost mutation: You are robust. (+10% HP) [potion of
                  | mutation]
 30748 | Pan      | Gained mutation: Your body sometimes deteriorates upon
                  | taking damage. [potion of mutation]
 30748 | Pan      | Gained mutation: You have large cloven feet. [potion of
                  | mutation]
 30751 | Pan      | Lost mutation: You are occasionally teleported next to
                  | monsters. [potion of mutation]
 30751 | Pan      | Lost mutation: You have large cloven feet. [potion of
                  | mutation]
 30751 | Pan      | Lost mutation: Your body sometimes deteriorates upon taking
                  | damage. [potion of mutation]
 30751 | Pan      | Lost mutation: You have a somewhat thin skeletal structure.
                  | (Dex +2, Stealth+) [potion of mutation]
 30751 | Pan      | Gained mutation: Armour fits poorly on your strangely
                  | shaped body. [potion of mutation]
 30751 | Pan      | Gained mutation: You are weak. (Str -2) [potion of
                  | mutation]
 30751 | Pan      | Gained mutation: You are somewhat resistant to further
                  | mutation. [potion of mutation]
 30752 | Pan      | Lost mutation: You are somewhat resistant to further
                  | mutation. [potion of mutation]
 30752 | Pan      | Lost mutation: You are weak. (Str -2) [potion of mutation]
 30752 | Pan      | Gained mutation: Your muscles are strong. (Str +2) [potion
                  | of mutation]
 30752 | Pan      | Gained mutation: Your spells are a little harder to cast,
                  | but a little more powerful. [potion of mutation]
 30799 | Pan      | Entered the realm of Cerebov.
 30808 | Pan      | Identified the +2 robe "Romob" {Int+5}
 30892 | Pan      | Identified the ring of Kabecuf {rPois SInv}
 30926 | Pan      | Got the Reference Book on Venomous Heat
 31035 | Pan      | Identified the +1 hand axe of Peace {vamp, rCorr Dex+3}
 31098 | Pan      | Found the +6 sword of Cerebov {flame}
 31098 | Pan      | Noticed Cerebov
 31119 | Pan      | HP: 7/169 [fire vortex[Cerebov] (15)]
 31124 | Pan      | Killed Cerebov
 31250 | Pan      | Got a fiery rune of Zot
 31744 | Pan      | Entered the realm of Gloorx Vloq.
 32141 | Pan      | Noticed Gloorx Vloq
 32154 | Pan      | Killed Gloorx Vloq
 32188 | Pan      | Got a dark rune of Zot
 32209 | Pan      | Entered the realm of Mnoleg.
 32216 | Pan      | Gained mutation: You are very dopey. (Int -4) [a cacodemon]
 32252 | Pan      | Found an exit through the horrors of the Abyss.
 32296 | Pan      | Reached skill level 23 in Fighting
 32443 | Pan      | Gained mutation: You are somewhat resistant to further
                  | mutation. [a neqoxec]
 32499 | Pan      | Identified the +0 tower shield of Fiuggim {Rampage rN+
                  | Str+2 Int-3}
 32518 | Pan      | Gained mutation: You occasionally shout uncontrollably at
                  | your foes. [a cacodemon]
 32530 | Pan      | Noticed Mnoleg
 32533 | Pan      | Paralysed by a floating eye for 2 turns
 32535 | Pan      | Gained mutation: Your body sometimes deteriorates upon
                  | taking damage. [a shining eye]
 32540 | Pan      | Gained mutation: You are frail. (-10% HP) [a shining eye]
 32550 | Pan      | Killed Mnoleg
 32565 | Pan      | Gained mutation: You are clumsy. (Dex -2) [a cacodemon]
 32571 | Pan      | Reached XP level 25. HP: 147/158 MP: 34/34
 32602 | Pan      | Got a glowing rune of Zot
 32821 | Pan      | Found an exit through the horrors of the Abyss.
 32828 | Pan      | Took an exit into the Abyss.
 32828 | Abyss:1  | Escaped into the Abyss
 33280 | Abyss:5  | Entered Level 5 of the Abyss
 33542 | Abyss:5  | Gained mutation: Your magical capacity is low. (-10% MP) [a
                  | neqoxec]
 33551 | Depths:4 | Escaped the Abyss
 33557 | Pan      | Entered Pandemonium
 34321 | Pan      | Identified the +1 scale mail of Dishonesty {Will++ MP-9
                  | Int+3}
 34905 | Pan      | Found a glowing silver altar of Zin.
 35274 | Pan      | Found a white marble altar of Elyvilon.
 35569 | Pan      | Entered the realm of Lom Lobon.
 35738 | Pan      | Noticed Lom Lobon
 35778 | Pan      | Got a magical rune of Zot
 36403 | Pan      | Noticed Qecvyke the pandemonium lord
 36413 | Pan      | Killed Qecvyke the pandemonium lord
 36500 | Depths:4 | Escaped Pandemonium
 36622 | Depths:4 | Reached XP level 26. HP: 157/165 MP: 31/31
 36645 | Depths:4 | Reached skill level 15 in Invocations
 37305 | Tar:1    | Entered Level 1 of Tartarus
 37504 | Tar:1    | Reached skill level 24 in Fighting
 38304 | Tar:3    | Reached skill level 10 in Translocations
 38781 | Tar:6    | Paralysed by a Zot trap for 2 turns
 38806 | Tar:6    | Reached skill level 25 in Fighting
 38808 | Tar:6    | Reached XP level 27. HP: 148/152 MP: 31/31
 38896 | Tar:7    | Entered Level 7 of Tartarus
 39250 | Tar:7    | Noticed Ereshkigal
 39261 | Tar:7    | Paralysed by Ereshkigal for 3 turns
 39269 | Tar:7    | Killed Ereshkigal
 39301 | Tar:7    | Got a bone rune of Zot
 39491 | Geh:1    | Entered Level 1 of Gehenna
 39508 | Geh:1    | Reached skill level 10 in Spellcasting
 40023 | Geh:4    | Reached skill level 26 in Fighting
 40036 | Geh:4    | Identified the +6 tower shield of Xih Puz {Rampage Will+}
 40108 | Geh:5    | You are sucked into a shaft and drop 1 floor!
 40518 | Geh:7    | Entered Level 7 of Gehenna
 40781 | Geh:7    | Reached skill level 15 in Dodging
 41173 | Geh:7    | Identified the ring "Leluilaynn" {Int+6 Dex+5}
 41237 | Geh:7    | Reached skill level 27 in Fighting
 41263 | Geh:7    | Found the +7 sceptre of Asmodeus
 41263 | Geh:7    | Noticed Asmodeus
 41327 | Geh:7    | Got an obsidian rune of Zot
 41362 | Geh:7    | Killed Asmodeus
 41821 | Vaults:2 | Noticed Frederick
 41834 | Vaults:2 | Killed Frederick
 41862 | Vaults:2 | Found a staircase to the Crypt.
 41862 | Vaults:2 | Found a basalt altar of Yredelemnul.
 41862 | Vaults:2 | Found an ancient bone altar of Kikubaaqudgha.
 41870 | Crypt:1  | Entered Level 1 of the Crypt
 42321 | Crypt:3  | Entered Level 3 of the Crypt
 42624 | Vaults:2 | You are sucked into a shaft and drop 1 floor!
 43098 | Coc:1    | Entered Level 1 of Cocytus
 43138 | Coc:1    | Paralysed by a wendigo for 1 turns
 43213 | Coc:3    | Paralysed by a wendigo for 1 turns
 43612 | Coc:5    | You are sucked into a shaft and drop 1 floor!
 43616 | Coc:6    | Noticed an ancient lich
 43633 | Coc:6    | Killed an ancient lich
 43694 | Coc:7    | Entered Level 7 of Cocytus
 44289 | Coc:6    | Paralysed by a wendigo for 1 turns
 44390 | Coc:7    | Collided with an Ice Fiend

Illustrated notes

Levels and vault maps discovered:
D:1:      wander_arrival_peaceful_grave, layout_loops_corners
D:2:      layout_loops_ring, basic_altar, serial_glass, glass_columns_b,
          glass_columns_b, corexii_hall_statues_i, corexii_corridor_pit,
          kennysheep_nondescript, kennysheep_generic_room_7
D:3:      layout_basic, minivault_24, uniq_natasha, uniq_terence
D:4:      corexii_shantytown, layout_basic, minmay_fractal_squares_diagonal_5
D:5:      layout_rooms, fountainhead, minmay_checkerbox
D:6:      cheibrodos_barr_body, layout_cave_pools, zin_statuary,
          minmay_temple_entry_glass, serial_shops, kennysheep_mini,
          nzn_random_ring, uniq_blork_the_orc, uniq_eustachio
D:7:      layout_loops_ring, nicolae_overflow_hidden_temple,
          hangedman_decor_riveting, chequers_mini_garden,
          grunt_decor_resistance, uniq_menkaure
D:8:      layout_basic, mainiacjoe_overflow_tiny_flanked, david_lair_shrubbed,
          enter_bailey_5, special_room [special_room_orc]
D:9:      layout_rooms
D:10:     layout_rooms, nicolae_yredelemnul_corpse_copse,
          nicolae_overflow_crystal_walls, uniq_gastronok
D:11:     minmay_the_grid_triangle_9x9_recursive_2_mashed
          [minmay_the_grid_triangle_9x9_prize_schism,
          minmay_the_grid_triangle_9x9_zippers_vertical,
          minmay_the_grid_triangle_9x9_empty,
          minmay_the_grid_triangle_9x9_empty], layout_basic, elyvilon_altar_1
D:12:     layout_long_grid, hiddenorc1_lemuel
D:13:     layout_irregular_city, uniq_kirke
D:14:     layout_stronghold, grunt_vaults_entry_tiered,
          gammafunk_ghost_abyssal_escape, portal_ice_cave_entry_pillars_four,
          kennysheep_small_circle, uniq_roxanne
D:15:     grunt_enter_depths_snipers, layout_long_grid, fedhas_altar_fruit_tree,
          kennysheep_two_boxes
Temple:   regret_index_temple_generic_petals
Lair:1:   layout_regular_city, gammafunk_ghost_ooze
Lair:2:   layout_concentric_octagons, minmay_snake_entry_six_corridors
Lair:3:   layout_cave_pods, elwin_shoals_entry_stream, st_stairs_13,
          worms_lemuel
Lair:4:   layout_misc_corridors, chequers_serial_rivers_room_a,
          grunt_megastairs_1
Lair:5:   layout_big_grid, slime_dummy, nicolae_volcano_entry_lava_flow,
          serial_bayou_crossing, lemuel_fruit_tree, uniq_snorg, uniq_nessos
Lair:6:   hangedman_lair_in_review, layout_layer_cave, guppyfry_lair_end_dragon,
          chequers_serial_rivers_large_a
Shoals:1: layout_shoals, uniq_frances
Shoals:2: layout_shoals, uniq_aizul, uniq_mlioglotl
Shoals:3: layout_shoals, serial_shops, shop_fountains
Shoals:4: shoals_end_hellmonk_storm_palace [storm_palace_center_ruins,
          storm_palace_corner_pillars, storm_palace_corner_pillars,
          storm_palace_corner_narrow, storm_palace_corner_pillars]
Snake:1:  layout_misc_corridors, nicolae_shop_self_help, uniq_jorgrun
Snake:2:  layout_rooms, serial_bayou_shore_a
Snake:3:  layout_cave_town, serial_shops,
          nicolae_shop_temple_entry_statues_fountains, uniq_asterion
Snake:4:  grunt_snake_rune_spirals, layout_onion_interference, serial_shops,
          nicolae_lakefront_shop, nicolae_diamond_shop, nicolae_shop_stone,
          nicolae_shop_crystal
Slime:1:  cheibrodos_slime_lost_civilization_3, layout_caves
Slime:2:  layout_caves, basic_altar, cheibrodos_slime_lost_civilization_7
Slime:3:  layout_caves, cheibrodos_slime_lost_civilization_4
Slime:4:  layout_caves
Slime:5
Orc:1:    layout_diamond_mine, serial_shops, nicolae_shop_hallway_plus
Orc:2:    grunt_orc_cross, layout_diamond_mine, gauntlet_entry_generic,
          nooodl_orcs_dogs
Vaults:1: st_greater_box_4, hangedman_vaults_stagger, v_rooms_6,
          vaults_room_grunt_arrival_ludios, ontoclasm_vaults_chip, v_misc_24,
          hangedman_vaults_corner, v_rooms_4, layout_vaults_omnibox
Vaults:2: vaults_room_fours, v_alt_pattern_6, hangedman_vaults_nodes,
          nicolae_vaults_diagonal_hallway_7, vaults_room_hangedman_quadrants,
          layout_vaults_omnigrid, minmay_crypt_entry_necro_gods, uniq_sojobo,
          uniq_frederick, uniq_margery
Vaults:3: hangedman_vaults_stitches, v_misc_24, v_rooms_3,
          nicolae_vaults_network_star, v_misc_25,
          hangedman_vaults_corner_blocks, nicolae_vaults_angled_halls,
          hangedman_vaults_cutoff, ontoclasm_vaults_shout,
          nicolae_vaults_sealed_display, v_misc_16, serial_ice_g,
          layout_vaults_omnicross, serial_shops, nicolae_shop_waterfront, shop,
          nicolae_shop_trees, shop, nicolae_shop_statue_plus, uniq_jory
Vaults:4: ontoclasm_vaults_ligature, hangedman_vaults_hat, st_cross,
          nicolae_vaults_border_crossing, v_pattern_1,
          nicolae_vaults_big_angled_halls, vaults_room_door_ring,
          vaults_mumra_minichess, nicolae_vaults_angled_halls, v_misc_26,
          v_misc_15, nicolae_vaults_gold_heap, vaults_room_semicircle,
          layout_vaults_big_room
Vaults:5: serial_shops
Crypt:1:  layout_misc_corridors, grunt_megastairs_2
Crypt:2:  layout_misc_corridors, lemuel_elevator
Crypt:3:  grunt_crypt_end_deaths_head
Depths:1: layout_honeycomb, hangedman_decor_lopped, grunt_metal_band,
          kennysheep_generic_room_15, minmay_shoptagon
Depths:2: nicolae_terramorphic_expanse [nicolae_terramorphic_quarter,
          nicolae_terramorphic_quarter, nicolae_terramorphic_quarter,
          nicolae_terramorphic_quarter, nicolae_terramorphic_quarter,
          nicolae_terramorphic_biome, nicolae_terramorphic_biome,
          nicolae_terramorphic_biome, nicolae_terramorphic_biome],
          layout_cave_shapes, enter_ziggurat_d, kennysheep_another_room,
          rand_demon_pan_entry_7, hellmouth_1, hangedman_abyss_or_decor_stabs,
          corexii_leaking_fountain, uniq_nikola
Depths:3: pf_snail_temple, layout_long_grid, nrook_pool_corridor,
          abyss_entry_small_statue_room, hell_entry, uniq_mara
Depths:4: lemuel_castle_with_subvaults [lemuel_castle_interior_carwin_1],
          layout_gridville, hell_entry, grunt_pan_entry_spiral, serial_shops,
          shop_statue, minmay_misc_feat_hallway, uniq_enchantress
Hell
Geh:1:    layout_gehenna_pools_basic, nicolae_geh_niches_of_the_damned
Geh:2:    layout_gehenna_pools_basic
Geh:3:    layout_gehenna_pools_triple
Geh:4:    layout_gehenna_pools_basic, nicolae_geh_lava_rosette
Geh:5:    layout_gehenna_lava_caves
Geh:6:    layout_gehenna_pools_box
Geh:7:    geh_grunt
Coc:1:    layout_cocytus_delve
Coc:2:    layout_ice_bergs
Coc:3:    layout_cocytus_delve
Coc:4:    layout_cocytus_water_paths
Coc:5:    layout_ice_bergs
Coc:6:    layout_cocytus_delve
Coc:7:    coc_dpeg
Tar:1:    layout_catacombs
Tar:2:    layout_honeycomb, nicolae_tar_four_comb_rooms
Tar:3:    layout_grid_maze
Tar:4:    layout_catacombs, nicolae_tar_cuneiform_oil, nicolae_tar_grid_combs
Tar:5:    layout_grid_maze
Tar:6:    layout_grid_maze
Tar:7:    tar_old

Skill      XL: |  1  2  3  4  5  6  7  8  9 10 11 12 13 14 15 16 17 18 19 20 21 22 23 24 25 26 27 |
---------------+----------------------------------------------------------------------------------+-----
Axes           | 2 3 4 5 7 8 13 14 16 17 18 | 18.0
Fighting       | 4 5 6 7 9 10 12 16 17 18 20 21 22 23 25 27 | 27.0
Throwing       | 1 2 |  2.0
Armour         | 6 7 9 10 11 12 13 15 16 17 18 19 20 21 22 23 | 23.5
Dodging        | 2 5 6 7 8 9 11 13 15 | 15.0
Shields        | 4 5 6 9 11 12 14 16 17 18 20 21 22 23 | 23.5
Evocations     | 4 |  4.0
Invocations    | 3 6 8 10 11 14 16 20 | 20.0
Spellcasting   | 3 6 7 8 10 | 10.0
Translocations | 3 6 8 10 | 10.0

Action                   |  1- 3 |  4- 6 |  7- 9 | 10-12 | 13-15 | 16-18 | 19-21 | 22-24 | 25-27 || total
-------------------------+-------+-------+-------+-------+-------+-------+-------+-------+-------++-------
Melee: War axe           |    54 |   124 |   383 |   495 |   834 |       |       |       |       ||  1890
       Hand axe          |       |       |       |       |   185 |       |       |     7 |       ||   192
       Broad axe         |       |       |       |       |   217 |  1664 |  1659 |  1763 |  2915 ||  8218
Throw: Dart              |       |     2 |    16 |    29 |       |       |       |       |       ||    47
 Cast: Blink             |       |       |       |       |       |       |       |     1 |     1 ||     2
Invok: Brand Weapon With |       |       |       |       |       |     1 |       |       |       ||     1
       Summon Divine War |       |       |       |       |       |       |     3 |     7 |    22 ||    32
       Cleansing Flame   |       |       |       |       |       |       |     2 |     7 |    33 ||    42
Evoke: Wand              |       |       |     8 |     8 |     9 |     6 |     1 |     5 |     2 ||    39
       Phial of floods   |       |       |       |       |     1 |     1 |     2 |       |       ||     4
       Lightning rod     |       |       |       |       |       |     4 |     4 |       |       ||     8
       Box of beasts     |       |       |       |       |       |     1 |     2 |       |     1 ||     4
       Tin of tremorston |       |       |       |       |       |       |       |     2 |       ||     2
       Phantom mirror    |       |       |       |       |       |       |       |       |     2 ||     2
  Use: Scroll            |       |     7 |     8 |     6 |    11 |     9 |     6 |     6 |    23 ||    76
       Potion            |       |     1 |     2 |     3 |     3 |     1 |     2 |    10 |     9 ||    31
Armor: Scale mail        |    52 |    67 |   164 |       |       |       |       |       |   406 ||   689
       Plate armour      |       |       |    26 |    58 |       |       |       |       |       ||    84
       Troll leather arm |       |       |       |   138 |   277 |       |       |       |       ||   415
       Pearl dragon scal |       |       |       |       |   178 |   750 |   585 |   665 |   770 ||  2948
       Ice dragon scales |       |       |       |       |       |       |       |       |   154 ||   154
Dodge: Dodged            |    34 |    74 |   271 |   408 |   655 |   576 |   588 |   554 |   960 ||  4120
Block: Buckler           |    15 |    31 |   107 |   114 |   148 |       |       |       |       ||   415
       Kite shield       |       |       |       |       |   285 |   836 |       |       |       ||  1121
       Tower shield      |       |       |       |       |       |   408 |  1525 |  1759 |  3058 ||  6750
